cohdb
Replays
Latest Replays
All Replays
Popular Replays
Top Player Replays
Match Explorer
How It Works
Community
CoH3 Stats
Reddit
Sign in to upload your games and track your stats! →
Sign in with Steam
Match 47265775
Unlisted
Match 47265775
Overview
Messages
Build Orders
End
Panzergrenadier Squad
Panzerpioneer Squad
Panzerpioneer Squad
Panzergrenadier Squad
Construct Light Support Kompanie
2.5-tonne Medical Truck
Selects Italian Infantry
Selects Guastatori Squad
Guastatori Squad
Guastatori Squad
MG34 Team
Construct Mechanized Kompanie
Construct Panzerarmee Kommand
Selects Defensive Operations
Armored Reserves
Selects Territory Booby Traps
Forward Retreat Point
Tiger Heavy Tank
Selects Obice 305mm Barrage
Walking Stuka Rocket Launcher
Rapid Advance
Obice 305mm Barrage
Tiger Heavy Tank
Vehicle Survival Package
254 Reconnaissance Tractor
Support Armor Elements
18-tonne Recovery Half-track
Panzer IV Assault Group
Obice 305mm Barrage
Selects Registered Artillery
Tiger Heavy Tank
Obice 305mm Barrage
KoM
Koslaox
Glaswegian_Gypsy
Shingles
Gendalf
Liet
0
0
Comments
sign in to comment!
No comments posted yet!